 Dungeon Crawl Stone Soup version 0.30.0-5-g1a98f26d00 (webtiles) character file.

Game seed: 3716685672507320801

90 qeuew the Trooper (level 4, -5/41 HPs)
             Began as a Minotaur Berserker on May 10, 2023.
             Was a Believer of Trog.
             Slain by Sigmund
             ... wielding a +1 scythe of freezing
              (8 damage)
             ... on level 2 of the Dungeon on May 11, 2023.
             The game lasted 00:02:06 (1416 turns).

qeuew the Trooper (Minotaur Berserker)              Turns: 1416, Time: 00:02:06

Health: -5/41      AC:  3    Str: 23    XL:     4   Next: 32%
Magic:  3/3        EV: 13    Int:  4    God:    Trog [**....]
Gold:   87         SH:  0    Dex: 16    Spells: 3/3 levels left

rFire   . . .        j - +0 war axe
rCold   . . .        (no shield)
rNeg    . . .        c - +0 leather armour
rPois   .            (helmet restricted)
rElec   .            (no cloak)
rCorr   .            (no gloves)
SInv    .            (no boots)
Will    .....        (no amulet)
Stlth   +            e - +6 ring of dexterity
HPRegen 0.26/turn    (no ring)
MPRegen 0.08/turn

%: no passive effects
@: confused, ambrosia-drunk
A: horns 2, retaliatory headbutt
a: Renounce Religion, Berserk, Trog's Hand


You were on level 2 of the Dungeon.
You worshipped Trog.
Trog was pleased with you.
You visited 1 branch of the dungeon, and saw 2 of its levels.

You collected 87 gold pieces.

Inventory:

Hand Weapons
 j - a +0 war axe (weapon)
Armour
 c - a +0 leather armour (worn)
Jewellery
 e - a +6 ring of dexterity (left hand)
Scrolls
 b - a scroll of poison {unknown}
 d - 2 scrolls of identify
 h - a scroll of blinking
Potions
 f - a potion of curing
 i - a potion of cancellation {unknown}


   Skills:
 + Level 4.4 Fighting
 + Level 4.4 Axes
 + Level 3.4 Armour
 + Level 3.1 Dodging


You had 3 spell levels left.
You didn't know any spells.
Your spell library was empty.

Dungeon Overview and Level Annotations

Branches:
Dungeon (2/15)

Altars:

Annotations:
D:2 Sigmund


Innate Abilities, Weirdness & Mutations

You have a pair of horns on your head.
You reflexively headbutt those who attack you in melee.


Message History

You are too injured to fight recklessly!
Unknown command.
You closely miss the hobgoblin. You barely miss Jessica.
Jessica barely misses you. The hobgoblin hits you.
Unknown command.
You slash the hobgoblin!
You kill the hobgoblin!
Trog accepts your kill.
You hit Jessica.
You kill Jessica!
Trog accepts your kill.
Trog appreciates your killing of a magic user.
You can now call upon Trog for regeneration and willpower.
Sigmund casts a spell at you. The puff of flame hits you!
* * * LOW HITPOINT WARNING * * *
You have reached level 4!
You feel agile.
Unknown command.
You are confused.
You feel invigorated.
Sigmund hits you from afar with a +1 scythe of freezing!
* * * LOW HITPOINT WARNING * * *
Sigmund freezes you.
* * * LOW HITPOINT WARNING * * *
Unknown command.
Sigmund hits you from afar with a +1 scythe of freezing.
* * * LOW HITPOINT WARNING * * *
Sigmund freezes you.
* * * LOW HITPOINT WARNING * * *
Unknown command.
Unknown command.
Sigmund hits you with a +1 scythe of freezing.
* * * LOW HITPOINT WARNING * * *
Sigmund freezes you.
* * * LOW HITPOINT WARNING * * *
Unknown command.
Sigmund attacks as you move away!
Sigmund hits you with a +1 scythe of freezing!
You die...

#........# #........#
#### #........+ ....
........#.....
.......#.....
#........... ####
#..@.......#######..
###..@.)..####...###..
#..........##....###..
#.....>...##..#..##...
#.........#..##..#...#
#.).####..#..###....##
##...###..#..###....##
#...##...#..####...##
#...........#########
##..†......####.####.


You could see Sigmund.

Vanquished Creatures
  Jessica (D:2)
  3 adders (D:2)
  2 worms (D:2)
  3 orcs (D:2)
  An endoplasm (D:2)
  A giant cockroach (D:1)
  5 goblins
  5 hobgoblins
  A quokka (D:2)
  A ball python (D:2)
  A bat (D:1)
  2 kobolds
  3 rats
29 creatures vanquished.

Notes
Turn   | Place    | Note
-------+----------+-------------------------------------------
     0 | D:1      | qeuew the Minotaur Berserker began the quest for the Orb.
     0 | D:1      | Reached XP level 1. HP: 19/19 MP: 0/0
   682 | D:2      | Reached XP level 2. HP: 21/27 MP: 1/1
   839 | D:2      | Reached XP level 3. HP: 33/33 MP: 2/2
  1404 | D:2      | Noticed Jessica
  1407 | D:2      | Noticed Sigmund
  1411 | D:2      | Killed Jessica
  1411 | D:2      | Reached ** piety under Trog
  1412 | D:2      | Reached XP level 4. HP: 7/41 MP: 3/3
  1412 | D:2      | HP: 1/41 [Sigmund/+1 scythe of freezing (2)]
  1416 | D:2      | Slain by Sigmund

Illustrated notes

Levels and vault maps discovered:
D:1:      mrwooster_arrival_statue_2, layout_loops_cross, minivault_11
D:2:      layout_basic, minmay_misc_feat_more_columns, minmay_misc_feat_rugged,
          hangedman_glass_teeth, guppyfry_early_orc_mine, uniq_jessica,
          uniq_sigmund

Skill      XL: |  1  2  3 |
---------------+----------+-----
Fighting       | 4 |  4.4
Axes           | 4 |  4.4
Armour         | 3 |  3.4
Dodging        | 3 |  3.1

Action                     |  1- 3 |  4- 6 || total
---------------------------+-------+-------++-------
  Melee: Hand axe          |    68 |       ||    68
         Headbutt          |    13 |       ||    13
         War axe           |     7 |       ||     7
    Use: Scroll            |     4 |       ||     4
         Potion            |       |     1 ||     1
 Armour: Animal skin       |     7 |       ||     7
         Leather armour    |    11 |       ||    11
  Dodge: Dodged            |    38 |       ||    38
